Map: Thunderbird LE

Players

lIIllllIIlll (INnoVation) - Winner!

  • Race: Terran Terran
  • League: Master
  • Spawn Location: 11:00

Special

  • Race: Terran Terran
  • League: Master
  • Spawn Location: 5:00

Event: HomeStory Cup XX

VOD

Have the link to the VOD?

Description

Time

  • Played on: Nov. 23, 2019, 8:43 a.m.
  • Length: 22:10

All games in this series

Show
View Real Time Build Order
Export as new Build Order

lIIllllIIlll Terran - Winner!

Build Orders: Gas First Reaper Expand 

Get SALT Encoding   

  12  0:00  SCV  
  13  0:12  SCV  
  14  0:17  Supply Depot  
  14  0:25  SCV  
  14  0:27  Refinery  
  15  0:38  SCV  
  16  0:44  Barracks  
  16  0:50  SCV  
  17  1:02  SCV  
  18  1:14  SCV  
  19  1:30  Orbital Command  
  19  1:31  Reaper  
  20  1:48  Command Center  
  20  1:56  Factory  
  20  1:59  SCV  
  21  2:05  Reaper  
  22  2:10  Supply Depot  
  22  2:13  SCV  
  23  2:18  Refinery  
  23  2:31  SCV  
  24  2:38  Barracks Reactor  
  24  2:40  Hellion  
  24  2:44  SCV  
  27  2:53  Starport  
  27  2:56  SCV  
  28  3:01  Factory Tech Lab, Orbital Command  
  28  3:08  SCV  
  29  3:19  Marine x2  
  31  3:20  SCV  
  32  3:27  SCV  
  32  3:32  SCV  
  34  3:34  Raven  
  34  3:37  Marine x2  
  34  3:38  Factory Tech Lab  
  34  3:40  SCV  
  34  3:41  Supply Depot  
  37  3:44  SCV  
  38  3:52  SCV  
  38  3:55  Marine x2  
  41  3:56  SCV  
  41  3:59  Command Center  
  42  4:03  Siege Tank  
  42  4:06  SCV  
  42  4:08  SCV  
  47  4:11  Supply Depot  
  47  4:21  SCV x2  
  47  4:24  Marine, Stimpack  
  49  4:29  Barracks  
  50  4:32  Starport Reactor  
  50  4:33  SCV x2  
  50  4:36  Barracks  
  52  4:40  Refinery  
  52  4:41  Marine  
  52  4:42  Supply Depot  
  52  4:45  SCV x2  
  55  4:49  Refinery  
  55  4:52  Siege Tank  
  58  4:57  SCV x2  
  58  4:59  Marine  
  61  5:01  Engineering Bay  
  61  5:04  Engineering Bay  
  61  5:10  SCV x2  
  61  5:14  Orbital Command  
  63  5:17  Starport Reactor  
  63  5:22  SCV x2  
  65  5:28  Terran Infantry Weapons Level 1  
  65  5:29  Barracks Tech Lab  
  65  5:30  Terran Infantry Armor Level 1  
  65  5:32  Orbital Command  
  65  5:34  SCV  
  65  5:35  SCV  
  67  5:41  Barracks  
  67  5:42  Barracks  
  67  5:46  SCV  
  67  5:47  SCV  
  69  5:52  Combat Shield  
  69  5:56  Medivac x2  
  73  5:59  SCV x3  
  73  6:02  Supply Depot  
  73  6:04  Supply Depot  
  76  6:07  Marauder x2  
  76  6:09  Marine x2  
  82  6:12  SCV x2  
  82  6:13  SCV  
  84  6:19  Supply Depot  
  84  6:25  SCV x3  
  86  6:26  Viking x2  
  86  6:31  Barracks Tech Lab, Barracks Reactor  
  90  6:36  Marauder x2  
  90  6:38  SCV x3  
  97  6:42  Refinery, Supply Depot  
  97  6:43  Refinery  
  97  6:46  Supply Depot  
  97  6:49  Concussive Shells  
  97  6:50  Armory  
  97  6:51  SCV x3  
  100  6:56  Marauder  
  100  6:57  Viking  
  100  6:58  Viking  
  106  7:03  SCV  
  106  7:04  SCV x2  
  109  7:09  Command Center  
  109  7:19  SCV  
  109  7:20  SCV x2  
  109  7:22  Marauder x2  
  118  7:23  Supply Depot  
  118  7:24  Supply Depot  
  118  7:27  Marine x4  
  122  7:30  Medivac  
  122  7:34  SCV  
  125  7:37  Terran Infantry Weapons Level 2  
  125  7:40  Terran Infantry Armor Level 2  
  125  7:43  SCV x2  
  125  7:44  Medivac  
  125  7:50  Marine x4  
  131  7:52  Barracks x2  
  131  7:53  SCV, Barracks Reactor  
  131  7:55  SCV x2  
  134  7:59  Supply Depot, Barracks Reactor  
  134  8:00  Supply Depot  
  134  8:01  Terran Vehicle Weapons Level 1  
  134  8:05  Marine x2  
  134  8:07  Marine  
  134  8:08  Marine x2  
  139  8:13  Factory  
  141  8:20  Viking, SCV x2  
  141  8:21  Siege Tank, SCV  
  141  8:24  Planetary Fortress  
  146  8:27  Sensor Tower  
  146  8:28  Marine x4  
  146  8:33  SCV x2  
  152  8:34  Refinery  
  152  8:35  Refinery, SCV  
  153  8:41  Sensor Tower  
  153  8:45  Barracks Reactor  
  153  8:46  Barracks Reactor  
  156  8:52  Viking, Supply Depot  
  156  8:53  Viking, Supply Depot  
  160  8:55  Siege Tank  
  160  9:00  Siege Tank  
  160  9:01  Marine x8  
  170  9:08  Supply Depot  
  169  9:10  Supply Depot  
  169  9:20  Marine x5  
  169  9:22  Viking x2  
  183  9:32  Marine  
  183  9:33  Marine  
  183  9:36  Starport x2  
  183  9:38  Siege Tank x2  
  186  9:53  Viking x2  
  186  9:58  Command Center  
  186  9:59  Terran Infantry Weapons Level 3, Terran Infantry Armor Level 3  
  186  10:10  Marine x13  
  186  10:12  Siege Tank  
  200  10:15  Terran Vehicle Weapons Level 2  
  200  10:17  Starport Reactor x2  
  189  10:28  Marine x14  
  173  10:32  Fusion Core, Siege Tank  
  157  10:46  Marine x14  
  157  10:48  Siege Tank  
  147  10:54  Medivac x2  
  145  10:58  SCV x3  
  145  11:04  Marine x6  
  148  11:10  Planetary Fortress, Siege Tank  
  157  11:12  SCV x2  
  157  11:16  SCV  
  160  11:20  Sensor Tower  
  160  11:21  Advanced Ballistics, Siege Tank  
  166  11:26  Viking x2  
  166  11:28  Viking  
  169  11:34  Viking  
  169  11:35  Viking  
  169  11:37  Viking  
  171  11:48  Missile Turret  
  171  11:51  Refinery  
  171  11:52  Refinery  
  171  11:56  Viking x2  
  171  11:58  Viking, Siege Tank  
  171  11:59  Marine, Siege Tank  
  171  12:00  Marine x6  
  186  12:18  Liberator  
  186  12:20  Viking, Medivac x2  
  172  12:23  Marine x14  
  181  12:31  Siege Tank  
  181  12:33  Missile Turret  
  181  12:35  Medivac x2  
  181  12:36  Siege Tank  
  193  12:40  Liberator  
  193  12:41  Marine x6  
  199  12:45  Terran Ship Weapons Level 1  
  199  12:46  Armory  
  199  12:51  Command Center  
  198  13:07  Command Center x2  
  198  13:39  Viking x2  
  198  13:40  Viking, Terran Vehicle And Ship Armor Level 1  
  200  13:46  Starport  
  200  13:47  Starport, Liberator x2  
  200  13:50  Command Center  
  200  13:54  Viking  
  191  14:07  Marine x7  
  197  14:21  Viking  
  196  14:26  Viking, Starport Reactor  
  196  14:27  Starport Reactor, Orbital Command, Viking x2  
  196  14:28  Orbital Command  
  193  14:31  Siege Tank x2  
  187  14:47  Viking x2  
  187  14:48  Planetary Fortress  
  187  14:51  Viking, Sensor Tower, Missile Turret  
  193  14:56  Viking  
  195  15:01  Viking x2  
  193  15:13  Missile Turret  
  193  15:15  Missile Turret  
  192  15:22  Viking x4, Missile Turret  
  192  15:23  Missile Turret  
  199  15:33  Viking  
  199  15:34  Viking  
  199  15:41  Terran Ship Weapons Level 2  
  199  15:42  Terran Vehicle And Ship Armor Level 2  
  199  15:47  Starport x2  
  199  15:48  Liberator  
  199  15:49  Refinery, Liberator x2  
  198  15:50  Refinery, Missile Turret  
  198  15:54  Planetary Fortress  
  198  15:59  Missile Turret  
  184  16:05  Viking  
  184  16:06  Viking  
  184  16:07  Viking x3, Liberator x2  
  198  16:21  Liberator x2  
  198  16:22  Liberator  
  184  16:39  Command Center  
  193  16:40  Starport Tech Lab x2  
  193  16:41  Viking x2  
  197  16:50  Missile Turret  
  197  16:51  Sensor Tower  
  197  16:52  Refinery x2, Missile Turret  
  197  17:01  Liberator, Raven  
  197  17:06  Missile Turret  
  199  17:09  Missile Turret  
  195  17:28  Viking x2  
  181  17:31  Viking  
  181  17:32  Viking  
  181  17:33  Viking  
  181  17:34  Marine x8, Siege Tank x2  
  181  17:35  Marine x4  
  186  17:37  Viking  
  186  17:43  Viking  
  182  17:51  Viking x2  
  182  17:52  Viking  
  182  17:56  Marine x3  
  182  17:58  Medivac  
  193  18:03  Medivac  
  195  18:06  Siege Tank  
  195  18:08  Marine x2, Missile Turret  
  195  18:10  Sensor Tower  
  200  18:25  Terran Ship Weapons Level 3, Terran Vehicle And Ship Armor Level 3  
  197  18:32  Marine  
  198  18:36  Sensor Tower  
  198  18:43  Planetary Fortress, Command Center  
  198  18:54  Command Center  
  198  19:13  Command Center  
  195  19:17  Command Center  
  195  19:19  Siege Tank  
  189  19:31  Viking  
  189  19:32  Viking x4  
  198  19:42  Liberator x2  
  198  19:43  Viking  
  198  19:44  Viking  
  197  19:56  Siege Tank  
  198  20:00  Viking  
  196  20:19  Siege Tank  
  196  20:21  Viking x6  
  200  20:31  Planetary Fortress  
  198  20:55  Marine  
  193  21:08  Siege Tank x2  
  193  21:10  Marine  
  193  21:11  Marine  
  199  21:20  Command Center x2  
  199  21:23  Command Center  
Show
View Real Time Build Order
Export as new Build Order

Special Terran 

Build Orders: Gas First Reaper Expand 

Get SALT Encoding   

  12  0:00  SCV  
  13  0:12  SCV  
  14  0:16  Supply Depot  
  14  0:25  SCV  
  14  0:27  Refinery  
  15  0:38  SCV  
  16  0:44  Barracks  
  16  0:50  SCV  
  17  1:02  SCV  
  18  1:14  SCV  
  19  1:31  Orbital Command, Reaper  
  20  1:44  Command Center  
  20  1:56  Factory  
  20  2:00  SCV  
  21  2:06  Barracks Reactor  
  21  2:12  Supply Depot  
  21  2:13  SCV  
  22  2:20  Refinery  
  22  2:25  SCV  
  23  2:38  SCV  
  23  2:40  Factory Tech Lab  
  23  2:43  Marine x2  
  26  2:50  SCV  
  27  2:58  Orbital Command  
  27  3:00  Cyclone  
  27  3:01  Marine x2  
  27  3:02  SCV  
  33  3:14  SCV  
  34  3:27  Command Center  
  34  3:28  SCV  
  34  3:30  SCV  
  36  3:39  Siege Tank  
  39  3:42  SCV  
  39  3:43  SCV  
  39  3:46  Starport  
  41  3:53  Supply Depot  
  41  3:54  SCV  
  42  3:56  SCV  
  43  4:04  Refinery  
  43  4:06  SCV  
  43  4:07  Refinery  
  43  4:08  SCV  
  48  4:18  SCV  
  48  4:20  SCV  
  48  4:22  Marine x2  
  48  4:24  Supply Depot  
  48  4:27  Factory Tech Lab  
  48  4:30  SCV  
  48  4:31  Raven  
  51  4:32  SCV  
  51  4:36  Bunker  
  52  4:40  Orbital Command  
  52  4:43  SCV  
  52  4:44  SCV  
  54  4:46  Siege Tank  
  54  4:51  Marine x2  
  59  4:55  SCV  
  59  4:56  SCV  
  59  4:59  Factory  
  61  5:07  SCV  
  61  5:08  SCV  
  61  5:14  SCV  
  64  5:17  Supply Depot  
  64  5:19  Siege Tank, SCV  
  64  5:20  SCV  
  69  5:26  SCV  
  69  5:27  Viking x2, Supply Depot  
  74  5:32  Engineering Bay  
  74  5:33  SCV  
  74  5:35  Orbital Command, Engineering Bay  
  75  5:36  SCV  
  75  5:37  Barracks Tech Lab  
  77  5:48  SCV  
  77  5:53  Siege Tank x2  
  77  5:54  SCV  
  84  5:57  Stimpack  
  84  6:00  SCV  
  84  6:01  SCV  
  84  6:03  Viking x2  
  90  6:06  SCV  
  90  6:08  Terran Infantry Weapons Level 1  
  91  6:12  Supply Depot, SCV  
  91  6:13  SCV  
  93  6:19  SCV  
  93  6:21  Terran Infantry Armor Level 1  
  93  6:22  Missile Turret  
  93  6:30  Barracks  
  93  6:31  Barracks  
  93  6:32  Barracks  
  93  6:34  Supply Depot, SCV x3  
  93  6:36  Barracks  
  96  6:44  Refinery x2  
  96  6:46  Marine, SCV x3  
  100  6:48  Viking x2  
  100  6:51  Supply Depot  
  104  6:54  Siege Tank  
  104  6:59  Siege Tank  
  110  7:02  SCV  
  110  7:04  SCV  
  110  7:05  Marine  
  110  7:06  Sensor Tower  
  110  7:09  Supply Depot  
  110  7:10  SCV  
  111  7:17  Supply Depot, SCV  
  111  7:18  SCV  
  111  7:21  Missile Turret, Barracks Reactor  
  111  7:22  Barracks Reactor x2  
  113  7:24  Medivac, Barracks Reactor  
  113  7:25  Marine  
  116  7:31  Medivac  
  116  7:32  SCV  
  119  7:40  Command Center  
  119  7:41  Armory  
  119  7:44  Marine  
  120  7:51  Supply Depot  
  120  7:52  Supply Depot  
  120  7:54  Combat Shield  
  120  7:57  Marine  
  120  7:58  Marine x3  
  124  7:59  Marine x2  
  124  8:00  SCV x2  
  124  8:02  Siege Tank x2  
  124  8:05  Marine x3  
  137  8:13  Missile Turret  
  137  8:14  Supply Depot  
  137  8:15  Marine, Medivac x2  
  137  8:16  Marine x3  
  145  8:20  Marine  
  145  8:21  Supply Depot  
  146  8:27  Marine x4  
  146  8:28  Terran Infantry Weapons Level 2  
  146  8:32  Terran Infantry Armor Level 2  
  146  8:34  Marine x4  
  151  8:38  Marine, Supply Depot  
  151  8:41  Supply Depot x2  
  154  8:44  Supply Depot, Terran Vehicle Weapons Level 1  
  154  8:45  Marine x4  
  158  8:51  Marine  
  158  8:52  Marine x3, Viking x2  
  166  8:56  Marine  
  166  8:59  Siege Tank  
  169  9:03  Siege Tank  
  169  9:04  Marine  
  169  9:05  Marine x2  
  169  9:09  Marine x2  
  176  9:13  Marine x2  
  176  9:15  Planetary Fortress, SCV  
  176  9:16  SCV x2  
  180  9:20  Marine x2  
  180  9:22  Marine x3  
  185  9:27  Marine x2  
  185  9:30  Marine, Medivac  
  185  9:31  Marine, Siege Tank  
  194  9:37  Marine  
  194  9:38  Marine  
  194  9:40  Marine  
  194  9:41  Marine  
  196  9:47  Marine x2  
  196  9:50  Marine  
  196  9:51  Command Center  
  199  9:55  Marine  
  200  10:05  Marine  
  200  10:06  Marine  
  194  10:08  Marine x2  
  194  10:09  Medivac x2  
  196  10:19  Siege Tank  
  184  10:21  Marine x2  
  184  10:26  Marine x2  
  184  10:27  Marine x4  
  158  10:28  Marine  
  158  10:32  SCV x3  
  158  10:33  Refinery x2  
  158  10:34  Starport  
  158  10:35  Starport  
  159  10:39  Marine x2, Viking x2  
  159  10:40  Siege Tank  
  145  10:43  Marine  
  145  10:44  Marine, SCV  
  145  10:45  Marine x4  
  145  10:46  Marine  
  129  10:52  Siege Tank  
  130  10:57  Marine x2  
  130  11:01  Marine x2  
  130  11:02  Marine  
  130  11:03  Marine x3, Terran Infantry Weapons Level 3  
  138  11:04  Marine  
  138  11:09  Planetary Fortress  
  138  11:10  Starport Reactor  
  139  11:14  SCV x3  
  139  11:15  Marine x2, Starport Reactor  
  144  11:19  Marine x2  
  144  11:20  Marine x2  
  144  11:21  Marine x2, Medivac x2  
  144  11:22  Marine  
  155  11:27  Siege Tank  
  158  11:33  Marine x2  
  158  11:34  Sensor Tower  
  158  11:37  Marine x2  
  158  11:38  Marine x4  
  166  11:40  Marine  
  166  11:43  Siege Tank  
  166  11:45  Terran Infantry Armor Level 3  
  170  11:48  SCV x3  
  170  11:50  Marine x2  
  175  11:55  Marine x2, Viking  
  175  11:56  Marine x3, Viking  
  175  12:00  SCV  
  175  12:01  Marine  
  185  12:06  Marine  
  185  12:07  Siege Tank  
  185  12:15  Marine, Siege Tank  
  185  12:16  Marine  
  185  12:20  Marine x2  
  185  12:22  Viking x2  
  177  12:29  Marine  
  178  12:31  Marine x2, Viking  
  178  12:32  Viking  
  178  12:34  Marine  
  178  12:35  Marine x3  
  178  12:37  Marine, SCV x2  
  178  12:39  Siege Tank  
  178  12:41  Terran Vehicle Weapons Level 2  
  178  12:43  SCV  
  185  12:48  Marine x2  
  185  12:49  Marine x2  
  188  12:53  Viking  
  188  12:57  Marine  
  191  12:58  Armory  
  191  13:05  Marine  
  192  13:06  Marine  
  191  13:19  Siege Tank  
  182  13:20  Viking x4, Siege Tank  
  182  13:24  Marine x2  
  182  13:26  Marine x2  
  197  13:27  Fusion Core  
  197  13:32  Medivac  
  194  13:41  Marine  
  194  13:46  Viking  
  194  13:50  Viking x3  
  198  14:01  Medivac  
  198  14:02  Viking  
  186  14:04  Marine  
  175  14:11  Marine x2  
  175  14:16  Viking  
  179  14:19  Marine  
  179  14:20  Medivac x2  
  166  14:25  Marine  
  166  14:26  Marine x2  
  166  14:27  Marine x3  
  166  14:29  Marine x2, Medivac, Siege Tank x2  
  166  14:31  Medivac  
  171  14:33  SCV  
  171  14:37  Marine  
  171  14:38  Command Center  
  173  14:41  Liberator, Advanced Ballistics  
  173  14:43  Marine  
  172  14:49  Marine  
  173  14:52  Refinery  
  173  14:53  Sensor Tower  
  173  14:56  Marine x3  
  173  14:57  Marine x2  
  181  15:01  Marine, Siege Tank x2  
  181  15:04  Marine  
  189  15:08  Marine  
  189  15:12  Refinery  
  190  15:14  Marine  
  190  15:15  Marine x3, Liberator, Command Center  
  190  15:16  Marine  
  190  15:17  Marine  
  196  15:26  Marine x2  
  196  15:27  Missile Turret  
  197  15:29  Marine  
  197  15:33  Viking  
  197  15:34  Marine  
  200  15:38  SCV  
  200  15:45  Liberator x2  
  199  16:04  Siege Tank  
  195  16:06  Marine x2  
  195  16:07  Marine x2  
  195  16:10  Marine  
  199  16:15  Marine  
  192  16:29  Marine  
  191  16:33  Viking  
  191  16:34  Viking x2  
  191  16:35  Marine x2  
  191  16:36  Missile Turret  
  191  16:37  Sensor Tower  
  191  16:38  Terran Ship Weapons Level 1  
  191  16:39  Starport  
  198  16:42  Marine  
  198  16:44  Starport  
  198  16:45  Marine  
  198  16:55  Marine x3, Refinery  
  198  16:56  Refinery  
  199  17:02  Command Center  
  199  17:03  Marine  
  200  17:14  Marine x2  
  195  17:21  Marine  
  193  17:23  Marine, Siege Tank x2  
  193  17:24  Marine  
  193  17:26  Marine x2  
  193  17:27  Marine  
  193  17:28  Marine  
  199  17:31  Marine  
  199  17:36  Marine  
  178  17:39  Marine  
  178  17:41  Marine x2, Medivac x2  
  178  17:43  Marine  
  178  17:44  Marine  
  145  17:45  Marine x2  
  145  17:46  Viking  
  145  17:47  Viking x5  
  145  17:49  Marine  
  160  17:54  Marine  
  160  17:55  Siege Tank  
  160  17:56  Siege Tank  
  160  17:57  Marine  
  168  17:59  Marine x2  
  168  18:01  Marine x2, Terran Vehicle And Ship Armor Level 1  
  168  18:03  Marine x2  
  174  18:07  Marine  
  174  18:10  SCV x3  
  174  18:11  Marine  
  179  18:15  Marine  
  179  18:16  Sensor Tower  
  179  18:17  Marine x2  
  179  18:19  Marine x2  
  181  18:21  Marine x2  
  181  18:25  Marine  
  181  18:28  Siege Tank x2  
  181  18:29  Marine  
  181  18:32  SCV x2  
  181  18:33  Marine, SCV  
  190  18:35  Marine x2, Planetary Fortress  
  190  18:37  Marine x2  
  190  18:39  Marine x2  
  196  18:43  Marine  
  196  18:44  SCV  
  196  18:47  Marine  
  199  18:50  Marine  
  200  19:11  Marine  
  196  19:18  Marine  
  196  19:19  Marine  
  196  19:20  Marine  
  196  19:21  Marine x3  
  199  19:26  Planetary Fortress  
  199  19:34  Marine x3  
  199  19:36  Marine  
  199  19:37  Marine  
  191  19:38  Marine x2  
  191  19:39  Marine, Siege Tank  
  191  19:40  Marine  
  191  19:42  Viking  
  200  19:47  Missile Turret  
  200  19:48  Missile Turret  
  192  20:00  Siege Tank  
  192  20:02  Medivac, Viking  
  192  20:04  Command Center  
  195  20:08  Marine  
  195  20:09  Marine, Command Center  
  195  20:10  Marine  
  181  20:14  Medivac x2  
  181  20:15  Marine x2  
  181  20:16  Marine x4  
  181  20:20  Siege Tank  
  178  20:23  Medivac  
  178  20:26  Marine  
  178  20:27  Marine, Medivac  
  178  20:28  Marine  
  181  20:33  Marine x2  
  181  20:34  Marine x4  
  184  20:38  Medivac  
  184  20:39  Medivac  
  184  20:42  Siege Tank  
  188  20:43  Marine  
  188  20:45  Marine x2  
  182  20:51  Marine x3  
  182  20:52  Marine x3  
  182  20:53  Siege Tank  
  189  21:01  Marine  
  189  21:02  Marine, Medivac  
  189  21:03  Marine  
  192  21:09  Marine x5  
  192  21:10  Marine  
  183  21:19  Marine  
  183  21:20  Marine  
  183  21:21  Marine  
  182  21:26  Marine  
  182  21:27  Marine x5  
  182  21:31  Viking, Siege Tank x2  
  182  21:32  Viking x2  
  200  21:44  Marine  
  200  21:45  Marine x4  
  200  21:46  Marine  
  200  21:50  Marine x2  
Tags
 
Add a new tag
Caveats
  • Supply blocks, unpowered buildings, or Contaminate may cause inaccurate times.
  • Supply counts are checked every 10 seconds.